 Dungeon Crawl Stone Soup version 0.28-a0-1382-g92835e5c71 (webtiles) character file.

Game seed: 17527590310862429551

240 pokeman the Magician (level 5, -1/29 HPs)
             Began as a Deep Elf Hedge Wizard on Jan 1, 2022.
             Slain by Blork the orc (5 damage)
             ... on level 3 of the Dungeon.
             The game lasted 00:07:34 (4473 turns).

pokeman the Magician (Deep Elf Hedge Wizard)        Turns: 4473, Time: 00:07:34

Health: -1/29      AC:  6    Str:  7    XL:     5   Next: 80%
Magic:  2/16       EV: 17    Int: 21    God:
Gold:   143        SH:  0    Dex: 14    Spells: 6/17 levels left

rFire   . . .      SeeInvis .   a - +0 dagger
rCold   . . .      Faith    .   (no shield)
rNeg    . . .      Spirit   .   l - +2 animal skin
rPois   .          Reflect  .   k - +0 helmet
rElec   .          Harm     .   (no cloak)
rCorr   .          Rampage  .   (no gloves)
Will    .....                   f - +0 pair of boots
Stlth   ++........              (no amulet)
HPRegen 0.09/turn               j - +4 ring of evasion
MPRegen 0.15/turn               (no ring)

@: very slightly contaminated
A: no striking features
a: no special abilities


You were on level 3 of the Dungeon.
You visited 1 branch of the dungeon, and saw 4 of its levels.

You collected 143 gold pieces.

Inventory:

Hand Weapons
 a - a +0 dagger (weapon)
Missiles
 m - 14 arrows
 o - 26 bolts
Armour
 f - a +0 pair of boots (worn)
 k - a +0 helmet (worn)
 l - a +2 animal skin (worn)
Jewellery
 j - a +4 ring of evasion (left hand)
Scrolls
 b - 2 scrolls of immolation {unknown}
 c - a scroll of enchant armour {unknown}
 e - a scroll of brand weapon {unknown}
 g - 3 scrolls of enchant weapon {unknown}
 h - a scroll of identify {unknown}
 n - a scroll of summoning {unknown}
 s - a scroll of blinking {unknown}
Potions
 d - a potion of curing {unknown}
 i - a potion of mutation {unknown}
 p - a potion of ambrosia {unknown}
 q - a potion of flight {unknown}
 r - a potion of attraction {unknown}
 t - a potion of magic {unknown}


   Skills:
 + Level 1.1 Fighting
 - Level 1.1 Armour
 - Level 3.0 Dodging
 - Level 3.0 Stealth
 * Level 6.5 Spellcasting
 + Level 3.0 Conjurations
 - Level 1.1 Summonings
 - Level 1.1 Translocations
 - Level 1.2 Fire Magic
 - Level 1.0 Air Magic
 + Level 0.1 Poison Magic


You had 6 spell levels left.
You knew the following spells:

 Your Spells              Type           Power      Damage    Failure   Level
a - Magic Dart            Conj           76%        1d6       2%          1
b - Mephitic Cloud        Conj/Pois/Air  12%        N/A       16%         3
c - Call Imp              Summ           11%        N/A       9%          2
d - Blink                 Tloc           22%        N/A       9%          2
e - Conjure Flame         Conj/Fire      15%        6-21      12%         3

Your spell library contained the following spells:

 Spells                   Type           Power      Damage    Failure   Level
 Slow                     Hex            24%        N/A       10%         1


Dungeon Overview and Level Annotations

Branches:
Dungeon (4/15)
 Temple: D:4-7

Altars:
Xom

Shops:
D:3 =

Annotations:
D:3 Blork the orc
D:4 Grinder


Message History

Blork the orc smothers the flame.
Casting: Conjure Flame (quite dangerous; 12% risk of failure)
Confirm with . or Enter, or press ? or * to list all spells.
The spell is quite dangerous to miscast (16% risk of failure)!
Continue anyway?
Aiming: Mephitic Cloud (quite dangerous; 16% risk of failure)
Press: ? - help, Shift-Dir - straight line, f - Blork the orc
Aim: Blork the orc, wielding a +0 scimitar and wearing a +0 robe (fast, chance to affect: 86%) That beam is likely to hit you.
Continue anyway?
Okay, then.
Blork the orc is nearby!
Casting: Mephitic Cloud (quite dangerous; 16% risk of failure)
Confirm with . or Enter, or press ? or * to list all spells.
The spell is quite dangerous to miscast (16% risk of failure)!
Continue anyway?
Aiming: Mephitic Cloud (quite dangerous; 16% risk of failure)
Press: ? - help, Shift-Dir - straight line, f/p - Blork the orc
Aim: Blork the orc, wielding a +0 scimitar and wearing a +0 robe (fast, chance to affect: 86%) That beam is likely to hit you.
Continue anyway?
You miscast Mephitic Cloud.
You are very lightly contaminated with residual magic.
Nothing appears to happen.
You feel stable enough to blink again.
Blork the orc hits you with a +0 scimitar.
Casting: Mephitic Cloud (quite dangerous; 16% risk of failure)
Confirm with . or Enter, or press ? or * to list all spells.
The spell is quite dangerous to miscast (16% risk of failure)!
Continue anyway?
Aiming: Mephitic Cloud (quite dangerous; 16% risk of failure)
Press: ? - help, Shift-Dir - straight line, f/p - Blork the orc
Aim: Blork the orc, wielding a +0 scimitar and wearing a +0 robe (fast, chance to affect: 86%) That beam is likely to hit you.
Continue anyway?
You miscast Mephitic Cloud.
Nothing appears to happen.
Blork the orc barely misses you.
Blork the orc hits you with a +0 scimitar!
Blork the orc closely misses you.
Blork the orc gestures at you while chanting.
The magic dart hits you but does no damage.
Blork the orc screams, "I'll eat your brain!
And then I'll vomit it back up!"
Blork the orc hits you with a +0 scimitar!
* * * LOW HITPOINT WARNING * * *
Blork the orc hits you with a +0 scimitar.
You die...

.### #..##...#...# #.# .#
#..##.......# #####.#
.#########..#######..# #...#.# #
............# ##.####...#.# #
.#########.## #.##.......### .#
#.# #............. .# ##.##
####..........
.########...#############...#####
..........#....o@...).......#
.#.######...############.#..##
.#.# ##.## #.#...# .#.# #.#
#...#.# .#.# #.# ###...# ...# #.#
#.### ...# #.# #.# .#.# #.# #.#
.#.# #.# ####.#


You could see Blork the orc (fast).

Vanquished Creatures
  A scorpion (D:3)
  A hound (D:3)
  An iguana (D:2)
  Robin (D:2)
  5 adders
  A howler monkey skeleton (D:4)
  A dart slug (D:1)
  5 ball pythons
  5 endoplasms
  15 goblins
  9 hobgoblins
  4 kobolds
  2 quokkas (D:2)
  4 bats
  4 frilled lizards
  3 rats
62 creatures vanquished.

Notes
Turn   | Place    | Note
-------+----------+-------------------------------------------
     0 | D:1      | pokeman the Deep Elf Hedge Wizard began the quest for the
                  | Orb.
     0 | D:1      | Reached XP level 1. HP: 10/10 MP: 7/7
   514 | D:1      | Reached XP level 2. HP: 15/15 MP: 3/9
  1344 | D:2      | Noticed Robin
  1646 | D:2      | Reached skill level 5 in Spellcasting
  1722 | D:2      | Noticed an eye of devastation
  1727 | D:2      | Reached XP level 3. HP: 20/20 MP: 6/11
  1737 | D:2      | Learned a level 3 spell: Mephitic Cloud
  1740 | D:2      | Learned a level 2 spell: Call Imp
  1743 | D:2      | Learned a level 2 spell: Blink
  1747 | D:2      | Learned a level 3 spell: Conjure Flame
  1822 | D:2      | Found a faded altar of an unknown god.
  1824 | D:2      | Noticed a great orb of eyes
  1824 | D:2      | Noticed a shining eye
  1824 | D:2      | Noticed a shining eye
  1977 | D:2      | Reached skill level 1 in Fighting
  1977 | D:2      | Reached skill level 1 in Armour
  2058 | D:2      | Reached XP level 4. HP: 16/25 MP: 7/13
  2185 | D:2      | Found a shimmering altar of Xom.
  2267 | D:2      | Killed Robin
  3282 | D:3      | You fall into a shaft and drop 1 floor!
  3282 | D:4      | Noticed a scorpion
  3285 | D:4      | Noticed Grinder
  3289 | D:4      | Noticed Blork the orc
  3326 | D:3      | Reached skill level 6 in Spellcasting
  3326 | D:3      | Reached skill level 1 in Fire Magic
  3326 | D:3      | Reached XP level 5. HP: 5/29 MP: 1/15
  3765 | D:3      | Found Uxkiress's Jewellery Boutique.
  4166 | D:3      | Reached skill level 1 in Air Magic
  4473 | D:3      | Slain by Blork the orc

Illustrated notes

Levels and vault maps discovered:
D:1:      dpeg_arrival_renting, layout_basic, roderic_nine_men_s_morris
D:2:      layout_loops_cross, basic_altar,
          hellmonk_ecumenical_altar_watching_god, uniq_robin
D:3:      layout_loops_ring, serial_shops, nicolae_shop_advertising_works
          [nicolae_subvault_shop_adworks]
D:4:      layout_basic, minmay_temple_entry_junction, serial_shops,
          nicolae_diamond_shop, moated_statue, small_statue_intersection,
          uniq_blork_the_orc, uniq_grinder

Skill      XL: |  1  2  3  4  5 |
---------------+----------------+-----
Spellcasting   | 5 6 |  6.5
Fighting       | 1 |  1.1
Armour         | 1 |  1.1
Conjurations   | 2 3 |  3.0
Fire Magic     | 1 |  1.2
Dodging        | 3 |  3.0
Air Magic      | 1 |  1.0
Stealth        | 3 |  3.0
Summonings     | |  1.1
Translocations | |  1.1
Poison Magic   | |  0.1

Action                   |  1- 3 |  4- 6 || total
-------------------------+-------+-------++-------
Melee: Dagger            |     6 |     8 ||    14
 Cast: Magic Dart        |    70 |    84 ||   154
       Blink             |     1 |     4 ||     5
       Mephitic Cloud    |     1 |     3 ||     4
       Conjure Flame     |     1 |     3 ||     4
       Call Imp          |       |     1 ||     1
Armor: Leather armour    |    13 |       ||    13
       Animal skin       |       |     8 ||     8
Dodge: Dodged            |    22 |    43 ||    65

Table legend: (Time is in decaauts)
 A = Elapsed time spent in this place.
 B = Non-inter-level travel time spent in this place.
 C = Inter-level travel time spent in this place.
 D = Time resting spent in this place.
 E = Time spent auto-exploring this place.
 F = Levels seen in this place.
 G = Mean time per level.
                   A        B        C        D        E       F      G
               +--------+--------+--------+--------+--------+-----+--------+
         Total |   4478 |   4324 |    154 |    506 |   3164 |   4 | 1119.5 |
       Dungeon |   4478 |   4324 |    154 |    506 |   3164 |   4 | 1119.5 |
               +--------+--------+--------+--------+--------+-----+--------+

Top non-repeatable levels by time:
     D:1: 1701 daAuts
     D:3: 1447 daAuts
     D:2: 1281 daAuts
     D:4: 47 daAuts
